 Dungeon Crawl Stone Soup version 0.25-a0-719-gde951dce62 (webtiles) character file.

Game seed: 10250913974818832794, levelgen mode: deterministic

19 Fukker the Slasher (level 2, -2/22 HPs)
             Began as a Demonspawn Gladiator on Apr 6, 2020.
             Hit by a boomerang thrown by a hobgoblin (5 damage)
             ... on level 1 of the Dungeon.
             The game lasted 00:00:49 (154 turns).

Fukker the Slasher (Demonspawn Gladiator)            Turns: 154, Time: 00:00:50

Health: -2/22      AC:  4    Str: 14    XL:     2   Next: 55%
Magic:  0/2        EV: 12    Int:  9    God:
Gold:   11         SH:  0    Dex: 14    Spells: 1/1 levels left

rFire    . . .     SeeInvis .   g - +1 dagger (elec)
rCold    . . .     Gourm    .   (no shield)
rNeg     . . .     Faith    .   b - +0 leather armour
rPois    .         Spirit   +   c - +0 helmet
rElec    .         Reflect  .   (no cloak)
rCorr    .         Harm     .   (no gloves)
MR       .....                  (no boots)
Stlth    +.........             (no amulet)
HPRegen  0.07/turn              (no ring)
MPRegen  0.08/turn              (no ring)

@: no status effects
A: magic shield
a: no special abilities


You were on level 1 of the Dungeon.
You were not hungry.

You visited 1 branch of the dungeon, and saw 1 of its levels.

You collected 11 gold pieces.

Inventory:

Hand Weapons
 a - a +0 long sword
 g - a +1 dagger of electrocution (weapon)
Missiles
 d - 2 throwing nets (quivered)
 e - 17 arrows
Armour
 b - a +0 leather armour (worn)
 c - a +0 helmet (worn)
Comestibles
 f - a ration


   Skills:
 - Level 2.0 Fighting
 + Level 0.1(2.0) Short Blades
 + Level 3.3(3.4) Long Blades
 + Level 2.0 Throwing
 - Level 2.6 Dodging


You had one spell level left.
You didn't know any spells.
Your spell library was empty.

Dungeon Overview and Level Annotations

Branches:
Dungeon (1/15)

Altars:


Innate Abilities, Weirdness & Mutations

When hurt, damage is shared between your health and your magic reserves.


Message History

The hobgoblin hits you.
* * * LOW HITPOINT WARNING * * *
You completely miss the hobgoblin.
The hobgoblin is almost dead.
The hobgoblin hits you.
* * * LOW HITPOINT WARNING * * *
You hit the hobgoblin but do no damage.
The hobgoblin is almost dead.
The hobgoblin barely misses you.
You hit the hobgoblin but do no damage.
The hobgoblin is almost dead.
The hobgoblin barely misses you.
You completely miss the hobgoblin.
The hobgoblin is almost dead.
The hobgoblin hits you but does no damage.
You hit the hobgoblin.
You kill the hobgoblin!
A hobgoblin comes into view. It is wielding a +0 club.
The hobgoblin throws a boomerang.
The boomerang hits you.
You die...

.# .. .. #. #. #.
#.##############
#g?@..†...#....#
#g....#######.#.##.###
..##..................#
#.#...#####.#....#.#
#.## #......# #
###..#.# #....# .. #
.#.#...†####.#
..............#


You could see 2 hobgoblins.

Vanquished Creatures
  An adder (D:1)
  A bat (D:1)
  A giant cockroach (D:1)
  3 hobgoblins (D:1)
  2 kobolds (D:1)
  2 rats (D:1)
10 creatures vanquished.

Notes
Turn   | Place    | Note
-------+----------+-------------------------------------------
     0 | D:1      | Fukker the Demonspawn Gladiator began the quest for the
                  | Orb.
     0 | D:1      | Reached XP level 1. HP: 16/16 MP: 1/1
    36 | D:1      | Reached skill level 3 in Long Blades
    36 | D:1      | Gained mutation: When hurt, damage is shared between your
                  | health and your magic reserves. [demonic ancestry]
    36 | D:1      | Reached XP level 2. HP: 14/22 MP: 2/2
   154 | D:1      | Hit by a boomerang thrown by a hobgoblin

Levels and vault maps discovered:
D:1:      mainiacjoe_arrival_reflecting_pool, layout_basic, dk_noncrumbling_3,
          minmay_shallow_snake_nest

Skill      XL: |  1 |
---------------+----+-----
Long Blades    | 3 |  3.3
Throwing       | 2 |  2.0
Fighting       | |  2.0
Short Blades   | |  0.1
Dodging        | |  2.6

Action                   || total
-------------------------++-------
Melee: Long sword        ||    10
       Dagger            ||    19
Throw: Throwing net      ||     1
Armor: Leather armour    ||     8
Dodge: Dodged            ||    10
       Rpst.: Long sword ||     1

Table legend:
 A = Non-vault XP
 B = Vault XP
 C = Vault XP percentage of total XP
 D = Non-vault monster count
 E = Vault monster count
 F = Vault count percentage of total count
                 A         B        C        D         E       F
            +---------+---------+-------+---------+---------+-------
      Total |      15 |      13 |  46.4 |       9 |       1 |  10.0
            +---------+---------+-------+---------+---------+-------
        D:1 |      15 |      13 |  46.4 |       9 |       1 |  10.0
            +---------+---------+-------+---------+---------+-------
